[ AOE2 MATCH · #492789634 ]
UnrankedKhmer vs Burgundians
[ REPLAY ANALYSIS · EXTRACTED FROM THE RECORDED GAME ]
Feudal
10:26
Castle
13:45
Imperial
27:10
| APM avg | 52.8 |
| APM peak | 121 |
| eAPM avg | 31.3 |
| Villagers / military | 186 / 342 |
Focus
⚔️ 29.2% · 🌾 70.8%
Spearman ×218 · Scorpion ×112 · Trebuchet (Packed) ×12
Feudal
11:55
Castle
15:50
Imperial
34:10
| APM avg | 32.8 |
| APM peak | 72 |
| eAPM avg | 16.2 |
| Villagers / military | 153 / 188 |
Focus
⚔️ 25.6% · 🌾 74.4%
Knight ×92 · Hand Cannoneer ×73 · Scout Cavalry ×15 · Trebuchet (Packed) ×5 · Monk ×3
Feudal
11:21
Castle
15:04
Imperial
28:40
| APM avg | 48.7 |
| APM peak | 128 |
| eAPM avg | 26.9 |
| Villagers / military | 134 / 311 |
Focus
⚔️ 42.3% · 🌾 57.7%
Berserk ×92 · Militia ×88 · Archer ×64 · Spearman ×59 · Trebuchet (Packed) ×5 · Monk ×3
Feudal
10:06
Castle
13:47
Imperial
22:57
| APM avg | 57.8 |
| APM peak | 103 |
| eAPM avg | 35.2 |
| Villagers / military | 195 / 106 |
Focus
⚔️ 23.0% · 🌾 77.0%
Janissary ×65 · Cavalry Archer ×21 · Bombard Cannon ×14 · Battering Ram ×5 · Mangonel ×1
Feudal
11:07
Castle
14:51
Imperial
28:28
| APM avg | 56.4 |
| APM peak | 112 |
| eAPM avg | 29.2 |
| Villagers / military | 179 / 142 |
Focus
⚔️ 32.8% · 🌾 67.2%
Skirmisher ×70 · Fire Lancer ×53 · Bombard Cannon ×18 · Monk ×1
Feudal
11:27
Castle
15:06
Imperial
43:30
| APM avg | 72.8 |
| APM peak | 144 |
| eAPM avg | 25.0 |
| Villagers / military | 171 / 83 |
Focus
⚔️ 32.7% · 🌾 67.3%
Cavalry Archer ×83
Feudal
9:25
Castle
30:38
Imperial
40:03
| APM avg | 30.0 |
| APM peak | 70 |
| eAPM avg | 21.2 |
| Villagers / military | 137 / 81 |
Focus
⚔️ 23.6% · 🌾 76.4%
Eagle Scout ×54 · Militia ×27
Feudal
10:35
Castle
14:29
Imperial
29:31
| APM avg | 35.0 |
| APM peak | 78 |
| eAPM avg | 23.9 |
| Villagers / military | 155 / 169 |
Focus
⚔️ 21.3% · 🌾 78.7%
Woad Raider ×118 · Battering Ram ×29 · Mangonel ×11 · Trebuchet (Packed) ×6 · Scorpion ×5
Match map
Initial resources + every placement click. Lines = walls · curves = elevation contours. ◆ gold · ⬟ stone · ● berries · ✦ relic · ◌ wall gap
Your base· ✓ Closed at 13:45 · 0t walls · 2 gate(s)
Night Prowler's base· ✓ Closed at 15:50 · 0t walls · 2 gate(s)
TdB.Julitroll's base· ✓ Closed at 15:04 · 0t walls · 2 gate(s)
JhonnyGames's base· ✓ Closed at 13:47 · 0t walls · 2 gate(s)
Putmalk's base· ✓ Closed at 14:51 · 14t walls · 2 gate(s)
DK_Akutuhaburu's base· ✓ Closed at 15:06 · 6t walls · 4 gate(s)
ImPerez22's base· ✓ Closed at 30:38 · 0t walls · 3 gate(s)
TdB.victor2.01's base· ✓ Closed at 14:29 · 0t walls · 2 gate(s)
Smoothed initial terrain · ◌ = detected wall gap · hover for details
Inputs per minute
— Cattana - - Night Prowler
Build order — Cattana
First 150 of 553 actions detected
| 0:00 | Queue | Villager (Male) |
| 0:00 | Queue | Villager (Male) |
| 0:01 | Queue | Villager (Male) |
| 0:02 | Build | House |
| 0:04 | Build | House |
| 0:08 | Queue | Villager (Male) |
| 1:23 | Queue | Villager (Male) |
| 1:48 | Build | Lumber Camp |
| 2:11 | Queue | Villager (Male) |
| 2:11 | Queue | Villager (Male) |
| 2:17 | Queue | Villager (Male) |
| 2:17 | Queue | Villager (Male) |
| 2:53 | Queue | Villager (Male) |
| 2:53 | Queue | Villager (Male) |
| 3:17 | Queue | Villager (Male) |
| 3:17 | Queue | Villager (Male) |
| 3:52 | Queue | Villager (Male) |
| 3:52 | Queue | Villager (Male) |
| 4:04 | Queue | Villager (Male) |
| 4:10 | Build | House |
| 4:12 | Queue | Villager (Male) |
| 4:12 | Queue | Villager (Male) |
| 4:12 | Queue | Villager (Male) |
| 4:58 | Queue | Villager (Male) |
| 5:42 | Queue | Villager (Male) |
| 5:43 | Queue | Villager (Male) |
| 5:43 | Queue | Villager (Male) |
| 5:46 | Queue | Villager (Male) |
| 5:50 | Build | House |
| 5:52 | Build | House |
| 5:56 | Queue | Villager (Male) |
| 5:58 | Build | Mill |
| 6:13 | Queue | Villager (Male) |
| 7:50 | Build | Mining Camp |
| 8:03 | Build | Farm |
| 8:07 | Queue | Villager (Male) |
| 8:16 | Research | Feudal Age |
| 8:38 | Queue | Villager (Male) |
| 10:06 | Build | Farm |
| 10:08 | Build | Farm |
| 10:11 | Build | Farm |
| 10:16 | Build | Farm |
| 10:22 | Build | Farm |
| 10:26 | Age | Feudal Age |
| 11:05 | Research | Castle Age |
| 11:05 | Research | Castle Age |
| 11:05 | Research | Castle Age |
| 11:45 | Research | Double-Bit Axe |
| 11:55 | Build | Farm |
| 12:15 | Research | Horse Collar |
| 12:58 | Queue | Villager (Male) |
| 13:45 | Age | Castle Age |
| 13:47 | Build | Town Center |
| 14:04 | Build | Town Center |
| 14:09 | Queue | Villager (Male) |
| 14:10 | Queue | Villager (Male) |
| 14:22 | Queue | Villager (Male) |
| 14:22 | Queue | Villager (Male) |
| 14:25 | Queue | Villager (Male) |
| 14:33 | Queue | Villager (Male) |
| 14:34 | Queue | Villager (Male) |
| 14:37 | Queue | Villager (Male) |
| 14:47 | Queue | Villager (Male) |
| 14:56 | Queue | Villager (Male) |
| 14:56 | Queue | Villager (Male) |
| 14:56 | Queue | Villager (Male) |
| 14:59 | Queue | Villager (Male) |
| 14:59 | Queue | Villager (Male) |
| 15:01 | Build | Farm |
| 15:01 | Build | Farm |
| 15:01 | Build | Farm |
| 15:02 | Build | Farm |
| 15:02 | Build | Farm |
| 15:02 | Build | Farm |
| 15:02 | Build | Farm |
| 15:12 | Queue | Villager (Male) |
| 15:23 | Queue | Villager (Male) |
| 15:37 | Queue | Villager (Male) |
| 15:44 | Queue | Villager (Male) |
| 15:49 | Build | Farm |
| 15:49 | Build | Farm |
| 15:50 | Build | Farm |
| 15:50 | Build | Farm |
| 15:50 | Build | Farm |
| 15:50 | Build | Farm |
| 16:01 | Queue | Villager (Male) |
| 16:01 | Queue | Villager (Male) |
| 16:04 | Build | Farm |
| 16:13 | Queue | Villager (Male) |
| 16:35 | Queue | Villager (Male) |
| 16:37 | Queue | Villager (Male) |
| 16:45 | Queue | Villager (Male) |
| 16:49 | Build | Farm |
| 16:51 | Build | Farm |
| 16:51 | Build | Farm |
| 16:51 | Build | Farm |
| 16:51 | Build | Farm |
| 16:52 | Build | Farm |
| 16:52 | Build | Farm |
| 16:56 | Build | House |
| 17:03 | Queue | Villager (Male) |
| 17:04 | Queue | Villager (Male) |
| 17:05 | Queue | Villager (Male) |
| 17:09 | Queue | Villager (Male) |
| 17:11 | Build | House |
| 17:12 | Build | House |
| 17:20 | Queue | Villager (Male) |
| 17:20 | Queue | Villager (Male) |
| 17:35 | Queue | Villager (Male) |
| 17:35 | Queue | Villager (Male) |
| 17:38 | Build | House |
| 17:40 | Build | House |
| 17:48 | Queue | Villager (Male) |
| 17:59 | Queue | Villager (Male) |
| 18:08 | Research | Bow Saw |
| 18:08 | Research | Bow Saw |
| 18:09 | Queue | Villager (Male) |
| 18:09 | Queue | Villager (Male) |
| 18:09 | Queue | Villager (Male) |
| 18:24 | Queue | Villager (Male) |
| 18:24 | Queue | Villager (Male) |
| 18:32 | Queue | Villager (Male) |
| 18:33 | Queue | Villager (Male) |
| 18:38 | Build | Town Center |
| 18:41 | Queue | Villager (Male) |
| 18:42 | Queue | Villager (Male) |
| 18:42 | Queue | Villager (Male) |
| 18:44 | Build | Farm |
| 18:44 | Build | Farm |
| 18:44 | Build | Farm |
| 18:45 | Build | Farm |
| 18:45 | Build | Farm |
| 18:50 | Queue | Villager (Male) |
| 18:50 | Queue | Villager (Male) |
| 18:59 | Research | Wheelbarrow |
| 18:59 | Research | Wheelbarrow |
| 19:08 | Build | Farm |
| 19:10 | Build | Farm |
| 19:10 | Queue | Villager (Male) |
| 19:18 | Queue | Villager (Male) |
| 19:18 | Queue | Villager (Male) |
| 19:26 | Build | Farm |
| 19:26 | Build | Farm |
| 19:26 | Build | Farm |
| 19:27 | Build | Farm |
| 19:27 | Build | Farm |
| 19:27 | Build | Farm |
| 19:27 | Build | Farm |
| 19:29 | Queue | Villager (Male) |
| 19:29 | Queue | Villager (Male) |
Build order — Night Prowler
First 150 of 380 actions detected
| 0:02 | Queue | Villager (Male) ×4 |
| 0:03 | Build | House |
| 0:04 | Build | House |
| 1:28 | Queue | Villager (Male) |
| 1:48 | Build | Lumber Camp |
| 2:03 | Queue | Villager (Male) |
| 2:22 | Queue | Villager (Male) |
| 2:59 | Queue | Villager (Male) |
| 3:14 | Queue | Villager (Male) |
| 3:55 | Queue | Villager (Male) |
| 3:55 | Queue | Villager (Male) |
| 3:57 | Build | House |
| 3:58 | Build | House |
| 4:11 | Queue | Villager (Male) |
| 4:23 | Build | Mill |
| 4:36 | Queue | Villager (Male) |
| 4:49 | Queue | Villager (Male) |
| 4:53 | Research | Double-Bit Axe |
| 5:09 | Queue | Villager (Male) |
| 5:33 | Queue | Villager (Male) |
| 5:33 | Queue | Villager (Male) |
| 5:47 | Queue | Villager (Male) |
| 6:21 | Queue | Villager (Male) |
| 6:50 | Queue | Villager (Male) |
| 7:05 | Queue | Villager (Male) |
| 7:22 | Research | Horse Collar |
| 7:34 | Queue | Villager (Male) |
| 7:35 | Queue | Villager (Male) |
| 8:21 | Build | House |
| 8:22 | Queue | Villager (Male) |
| 8:23 | Queue | Villager (Male) |
| 8:32 | Queue | Villager (Male) |
| 8:50 | Build | Farm |
| 9:01 | Build | Mining Camp |
| 9:42 | Research | Feudal Age |
| 10:27 | Queue | Villager (Male) |
| 10:28 | Queue | Villager (Male) |
| 10:58 | Build | Farm |
| 11:10 | Build | Farm |
| 11:55 | Age | Feudal Age |
| 12:02 | Build | Market |
| 12:05 | Build | Blacksmith |
| 13:10 | Research | Castle Age |
| 13:26 | Build | House |
| 13:27 | Build | House |
| 13:51 | Research | Bow Saw |
| 14:23 | Research | Heavy Plow |
| 15:03 | Build | Farm |
| 15:05 | Queue | Villager (Male) |
| 15:50 | Age | Castle Age |
| 15:53 | Build | Town Center |
| 15:59 | Build | Town Center |
| 16:09 | Build | Town Center |
| 16:17 | Research | Crop Rotation |
| 16:24 | Queue | Villager (Male) |
| 16:27 | Build | Farm |
| 16:27 | Build | Farm |
| 16:41 | Build | Farm |
| 16:43 | Build | Farm |
| 16:45 | Queue | Villager (Male) |
| 17:04 | Build | House |
| 17:05 | Build | House |
| 17:06 | Queue | Villager (Male) |
| 17:11 | Build | Farm |
| 17:13 | Build | Farm |
| 17:14 | Queue | Villager (Male) |
| 17:25 | Build | Farm |
| 17:28 | Queue | Villager (Male) |
| 17:29 | Queue | Villager (Male) |
| 17:29 | Queue | Villager (Male) |
| 17:35 | Build | Farm |
| 17:42 | Queue | Villager (Male) |
| 17:42 | Queue | Villager (Male) |
| 17:48 | Build | Farm |
| 17:58 | Queue | Villager (Male) |
| 18:00 | Build | Farm |
| 18:11 | Build | Farm |
| 18:12 | Queue | Villager (Male) |
| 18:15 | Build | Farm |
| 18:22 | Queue | Villager (Male) |
| 18:27 | Build | Farm |
| 18:32 | Queue | Villager (Male) |
| 18:37 | Build | Farm |
| 18:45 | Build | Farm |
| 18:49 | Queue | Villager (Male) |
| 18:49 | Queue | Villager (Male) |
| 18:52 | Build | Farm |
| 18:54 | Build | Farm |
| 18:57 | Queue | Villager (Male) |
| 19:03 | Build | Farm |
| 19:04 | Queue | Villager (Male) |
| 19:08 | Queue | Villager (Male) |
| 19:13 | Build | Farm |
| 19:16 | Build | Farm |
| 19:25 | Queue | Villager (Male) |
| 19:28 | Build | Farm |
| 19:37 | Build | Farm |
| 19:41 | Queue | Villager (Male) ×3 |
| 19:49 | Build | Farm |
| 19:51 | Queue | Villager (Male) |
| 19:51 | Queue | Villager (Male) |
| 19:53 | Build | Farm |
| 19:58 | Queue | Villager (Male) |
| 20:06 | Build | Farm |
| 20:07 | Queue | Villager (Male) |
| 20:07 | Queue | Villager (Male) |
| 20:11 | Build | Farm |
| 20:14 | Build | Farm |
| 20:15 | Queue | Villager (Male) |
| 20:16 | Queue | Villager (Male) |
| 20:20 | Queue | Villager (Male) |
| 20:30 | Research | Loom |
| 20:33 | Build | House |
| 20:34 | Build | House |
| 20:36 | Build | House |
| 20:37 | Queue | Villager (Male) ×3 |
| 20:45 | Build | Farm |
| 20:47 | Queue | Villager (Male) ×2 |
| 20:50 | Build | Farm |
| 21:00 | Queue | Villager (Male) |
| 21:00 | Queue | Villager (Male) |
| 21:02 | Build | Farm |
| 21:05 | Build | Farm |
| 21:09 | Build | Farm |
| 21:30 | Queue | Villager (Male) ×5 |
| 21:47 | Research | Crop Rotation |
| 21:49 | Queue | Villager (Male) |
| 21:57 | Queue | Villager (Male) |
| 22:01 | Build | Farm |
| 22:12 | Queue | Villager (Male) ×5 |
| 22:14 | Build | House |
| 22:15 | Build | House |
| 22:16 | Build | House |
| 22:32 | Build | Town Center |
| 22:36 | Queue | Villager (Male) |
| 22:37 | Queue | Villager (Male) |
| 22:39 | Queue | Villager (Male) |
| 22:40 | Queue | Villager (Male) |
| 22:46 | Research | Gold Mining |
| 22:49 | Research | Gold Mining |
| 23:00 | Build | House |
| 23:01 | Build | House |
| 23:02 | Build | House |
| 23:03 | Build | House |
| 23:03 | Build | House |
| 23:05 | Build | House |
| 23:06 | Build | House |
| 23:07 | Build | House |
| 23:08 | Build | House |
| 23:09 | Build | House |
Build order — TdB.Julitroll
First 150 of 628 actions detected
| 0:00 | Queue | Villager (Male) |
| 0:01 | Queue | Villager (Male) |
| 0:01 | Queue | Villager (Male) |
| 0:01 | Queue | Villager (Male) |
| 0:01 | Queue | Villager (Male) |
| 0:03 | Build | House |
| 0:05 | Build | House |
| 1:27 | Queue | Villager (Male) |
| 1:52 | Build | Lumber Camp |
| 2:01 | Queue | Villager (Male) |
| 2:16 | Queue | Villager (Male) |
| 2:50 | Queue | Villager (Male) |
| 3:05 | Queue | Villager (Male) |
| 3:38 | Build | House |
| 3:39 | Build | House |
| 3:41 | Queue | Villager (Male) |
| 3:57 | Queue | Villager (Male) |
| 4:27 | Build | Mill |
| 4:36 | Queue | Villager (Male) |
| 4:55 | Queue | Villager (Male) |
| 5:12 | Queue | Villager (Male) |
| 5:12 | Queue | Villager (Male) |
| 5:49 | Queue | Villager (Male) |
| 5:49 | Queue | Villager (Male) |
| 6:22 | Build | Mill |
| 6:24 | Queue | Villager (Male) |
| 6:26 | Queue | Villager (Male) |
| 6:49 | Queue | Villager (Male) |
| 6:53 | Queue | Villager (Male) |
| 6:53 | Queue | Villager (Male) |
| 6:53 | Queue | Villager (Male) |
| 7:00 | Build | House |
| 7:22 | Build | Farm |
| 7:24 | Build | Farm |
| 7:26 | Build | Farm |
| 7:59 | Build | Farm |
| 8:47 | Research | Feudal Age |
| 8:53 | Build | Mining Camp |
| 10:17 | Queue | Villager (Male) |
| 11:21 | Age | Feudal Age |
| 11:24 | Build | Market |
| 11:32 | Build | Blacksmith |
| 11:42 | Queue | Villager (Male) |
| 12:24 | Research | Castle Age |
| 12:45 | Research | Horse Collar |
| 12:50 | Research | Double-Bit Axe |
| 13:00 | Build | Farm |
| 13:00 | Build | Farm |
| 13:00 | Build | Farm |
| 13:00 | Build | Farm |
| 13:00 | Build | Farm |
| 13:04 | Build | Farm |
| 13:41 | Build | Farm |
| 13:47 | Build | Farm |
| 13:49 | Queue | Villager (Male) |
| 13:49 | Queue | Villager (Male) |
| 15:04 | Age | Castle Age |
| 15:40 | Build | Town Center |
| 15:42 | Queue | Villager (Male) |
| 15:42 | Queue | Villager (Male) |
| 15:50 | Research | Bow Saw |
| 16:27 | Research | Town Watch |
| 16:29 | Research | Loom |
| 16:38 | Build | House |
| 16:39 | Build | House |
| 16:59 | Build | Town Center |
| 17:06 | Build | House |
| 17:07 | Build | House |
| 17:13 | Queue | Villager (Male) |
| 17:14 | Queue | Villager (Male) |
| 17:14 | Queue | Villager (Male) |
| 17:14 | Queue | Villager (Male) |
| 17:14 | Queue | Villager (Male) |
| 17:15 | Queue | Villager (Male) |
| 17:15 | Queue | Villager (Male) |
| 18:17 | Queue | Villager (Male) |
| 18:18 | Queue | Villager (Male) |
| 18:19 | Queue | Villager (Male) |
| 18:19 | Queue | Villager (Male) |
| 18:28 | Build | Farm |
| 18:28 | Build | Farm |
| 18:29 | Build | Farm |
| 18:29 | Build | Farm |
| 18:29 | Build | Farm |
| 18:29 | Build | Farm |
| 18:29 | Build | Farm |
| 18:30 | Build | Farm |
| 18:30 | Build | Farm |
| 18:44 | Queue | Villager (Male) |
| 18:44 | Queue | Villager (Male) |
| 18:44 | Queue | Villager (Male) |
| 18:46 | Queue | Villager (Male) |
| 18:46 | Queue | Villager (Male) |
| 18:52 | Build | House |
| 18:54 | Build | House |
| 18:54 | Build | House |
| 19:09 | Build | Town Center |
| 19:18 | Research | Stone Mining |
| 19:21 | Research | Heavy Plow |
| 19:26 | Queue | Villager (Male) |
| 19:26 | Queue | Villager (Male) |
| 19:26 | Queue | Villager (Male) |
| 19:27 | Queue | Villager (Male) |
| 19:27 | Queue | Villager (Male) |
| 20:01 | Build | Farm |
| 20:03 | Build | Farm |
| 20:07 | Build | Farm |
| 20:08 | Build | Farm |
| 20:09 | Queue | Villager (Male) |
| 20:09 | Queue | Villager (Male) |
| 20:10 | Queue | Villager (Male) |
| 20:10 | Queue | Villager (Male) |
| 20:10 | Queue | Villager (Male) |
| 20:24 | Queue | Villager (Male) |
| 20:24 | Queue | Villager (Male) |
| 20:41 | Queue | Villager (Male) |
| 20:41 | Queue | Villager (Male) |
| 20:56 | Build | Farm |
| 20:56 | Build | Farm |
| 20:56 | Build | Farm |
| 20:57 | Build | Farm |
| 20:57 | Build | Farm |
| 20:57 | Build | Farm |
| 20:57 | Build | Farm |
| 20:58 | Build | Farm |
| 21:04 | Queue | Villager (Male) |
| 21:04 | Queue | Villager (Male) |
| 21:04 | Queue | Villager (Male) |
| 21:09 | Build | House |
| 21:11 | Build | House |
| 21:12 | Build | House |
| 21:13 | Build | House |
| 21:14 | Build | House |
| 21:20 | Queue | Villager (Male) |
| 21:20 | Queue | Villager (Male) |
| 21:20 | Queue | Villager (Male) |
| 21:20 | Queue | Villager (Male) |
| 21:34 | Build | Farm |
| 21:35 | Build | Farm |
| 21:36 | Build | Farm |
| 21:37 | Build | Farm |
| 21:40 | Build | Farm |
| 21:41 | Build | Farm |
| 21:54 | Build | Farm |
| 21:56 | Build | Farm |
| 21:57 | Build | Farm |
| 22:00 | Build | Farm |
| 22:01 | Queue | Villager (Male) |
| 22:01 | Queue | Villager (Male) |
| 22:01 | Queue | Villager (Male) |
Build order — JhonnyGames
First 150 of 468 actions detected
| 0:00 | Queue | Villager (Male) |
| 0:01 | Queue | Villager (Male) |
| 0:01 | Queue | Villager (Male) |
| 0:01 | Queue | Villager (Male) |
| 0:01 | Queue | Villager (Male) |
| 0:03 | Build | House |
| 0:04 | Build | House |
| 1:30 | Queue | Villager (Male) |
| 1:30 | Queue | Villager (Male) |
| 1:49 | Build | Lumber Camp |
| 2:04 | Queue | Villager (Male) |
| 2:04 | Queue | Villager (Male) |
| 2:16 | Queue | Villager (Male) |
| 2:16 | Queue | Villager (Male) |
| 2:47 | Queue | Villager (Male) |
| 2:47 | Queue | Villager (Male) |
| 3:02 | Queue | Villager (Male) |
| 3:02 | Queue | Villager (Male) |
| 3:36 | Queue | Villager (Male) |
| 3:36 | Queue | Villager (Male) |
| 3:58 | Build | House |
| 4:00 | Build | House |
| 4:05 | Queue | Villager (Male) |
| 4:06 | Queue | Villager (Male) |
| 4:28 | Queue | Villager (Male) |
| 4:28 | Queue | Villager (Male) |
| 4:49 | Build | Mill |
| 5:00 | Queue | Villager (Male) |
| 5:00 | Queue | Villager (Male) |
| 5:00 | Queue | Villager (Male) |
| 5:26 | Queue | Villager (Male) |
| 5:26 | Queue | Villager (Male) |
| 5:38 | Queue | Villager (Male) |
| 5:48 | Queue | Villager (Male) |
| 5:48 | Queue | Villager (Male) |
| 6:52 | Queue | Villager (Male) |
| 6:53 | Queue | Villager (Male) |
| 7:38 | Build | Mining Camp |
| 7:56 | Research | Feudal Age |
| 7:56 | Research | Feudal Age |
| 8:06 | Queue | Villager (Male) |
| 8:06 | Queue | Villager (Male) |
| 8:32 | Build | Mill |
| 8:39 | Build | House |
| 8:41 | Build | House |
| 8:46 | Build | Farm |
| 8:56 | Queue | Villager (Male) |
| 10:06 | Age | Feudal Age |
| 10:08 | Build | Blacksmith |
| 10:10 | Build | Market |
| 10:28 | Build | Mining Camp |
| 11:07 | Research | Castle Age |
| 11:07 | Research | Castle Age |
| 12:47 | Research | Loom |
| 12:49 | Queue | Villager (Male) |
| 12:49 | Queue | Villager (Male) |
| 13:47 | Age | Castle Age |
| 14:24 | Queue | Villager (Male) |
| 14:34 | Queue | Villager (Male) |
| 14:34 | Queue | Villager (Male) |
| 14:49 | Queue | Villager (Male) |
| 15:03 | Build | Castle |
| 15:04 | Queue | Villager (Male) |
| 15:14 | Build | House |
| 15:34 | Build | House |
| 15:38 | Queue | Villager (Male) |
| 15:39 | Queue | Villager (Male) |
| 16:37 | Queue | Villager (Male) |
| 16:37 | Queue | Villager (Male) |
| 17:28 | Build | Town Center |
| 17:29 | Queue | Villager (Male) |
| 17:33 | Build | Town Center |
| 17:59 | Queue | Villager (Male) |
| 18:03 | Build | Castle |
| 18:11 | Build | Castle |
| 19:36 | Queue | Villager (Male) |
| 19:37 | Queue | Villager (Male) |
| 19:47 | Research | Imperial Age |
| 19:47 | Research | Imperial Age |
| 19:52 | Queue | Janissary |
| 19:52 | Queue | Janissary |
| 19:56 | Build | Farm |
| 20:00 | Build | Farm |
| 20:00 | Build | Farm |
| 20:00 | Build | Farm |
| 20:00 | Build | Farm |
| 20:00 | Build | Farm |
| 20:01 | Queue | Villager (Male) |
| 20:10 | Build | Lumber Camp |
| 20:15 | Build | Siege Workshop |
| 20:36 | Build | Farm |
| 20:41 | Queue | Janissary |
| 20:42 | Queue | Janissary |
| 20:42 | Queue | Janissary |
| 20:42 | Queue | Janissary |
| 20:49 | Build | Farm |
| 20:49 | Build | Farm |
| 20:49 | Build | Farm |
| 20:57 | Build | Farm |
| 21:16 | Queue | Villager (Male) |
| 21:17 | Queue | Villager (Male) |
| 21:27 | Queue | Battering Ram |
| 21:27 | Queue | Battering Ram |
| 21:29 | Queue | Villager (Male) |
| 21:29 | Queue | Villager (Male) |
| 21:29 | Queue | Villager (Male) |
| 21:29 | Queue | Villager (Male) |
| 21:37 | Research | Double-Bit Axe |
| 21:38 | Queue | Janissary |
| 21:38 | Queue | Janissary |
| 21:49 | Queue | Villager (Male) |
| 21:49 | Queue | Villager (Male) |
| 22:01 | Queue | Janissary |
| 22:01 | Queue | Janissary |
| 22:02 | Queue | Battering Ram |
| 22:02 | Queue | Battering Ram |
| 22:03 | Queue | Battering Ram |
| 22:15 | Queue | Janissary |
| 22:30 | Queue | Mangonel |
| 22:35 | Queue | Janissary |
| 22:55 | Queue | Villager (Male) |
| 22:55 | Queue | Villager (Male) |
| 22:55 | Queue | Villager (Male) |
| 22:55 | Queue | Villager (Male) |
| 22:57 | Age | Imperial Age |
| 23:06 | Queue | Bombard Cannon |
| 23:06 | Queue | Bombard Cannon |
| 23:06 | Queue | Bombard Cannon |
| 23:11 | Build | Siege Workshop |
| 23:18 | Queue | Janissary |
| 23:19 | Queue | Janissary |
| 23:31 | Build | Farm |
| 23:32 | Research | Bow Saw |
| 23:33 | Research | Horse Collar |
| 23:34 | Research | Horse Collar |
| 23:34 | Research | Horse Collar |
| 23:42 | Queue | Janissary |
| 23:43 | Queue | Janissary |
| 23:48 | Queue | Bombard Cannon |
| 23:49 | Queue | Bombard Cannon |
| 24:19 | Build | Castle |
| 24:25 | Queue | Janissary |
| 24:25 | Queue | Janissary |
| 24:27 | Queue | Villager (Male) |
| 24:27 | Queue | Villager (Male) |
| 24:28 | Queue | Villager (Male) |
| 24:28 | Queue | Villager (Male) |
| 24:31 | Build | Farm |
| 24:32 | Queue | Villager (Male) |
| 24:52 | Queue | Bombard Cannon |
Build order — Putmalk
First 150 of 561 actions detected
| 0:00 | Queue | Villager (Male) |
| 0:01 | Queue | Villager (Male) |
| 0:01 | Queue | Villager (Male) |
| 0:02 | Queue | Villager (Male) |
| 0:02 | Queue | Villager (Male) |
| 0:03 | Build | House |
| 0:04 | Build | House |
| 1:26 | Queue | Villager (Male) |
| 1:45 | Build | Lumber Camp |
| 1:59 | Queue | Villager (Male) |
| 1:59 | Queue | Villager (Male) |
| 2:16 | Queue | Villager (Male) |
| 2:46 | Queue | Villager (Male) |
| 2:47 | Queue | Villager (Male) |
| 2:58 | Build | House |
| 3:06 | Queue | Villager (Male) |
| 3:37 | Build | Palisade Wall |
| 3:38 | Build | Palisade Wall |
| 3:43 | Queue | Villager (Male) |
| 3:43 | Queue | Villager (Male) |
| 3:50 | Build | Palisade Wall |
| 3:54 | Build | Palisade Wall |
| 4:10 | Build | Palisade Wall |
| 4:11 | Build | Palisade Wall |
| 4:14 | Build | Palisade Wall |
| 4:17 | Build | Palisade Wall |
| 4:19 | Build | Mill |
| 4:22 | Queue | Villager (Male) |
| 4:22 | Queue | Villager (Male) |
| 4:23 | Queue | Villager (Male) |
| 4:27 | Build | Palisade Wall |
| 4:30 | Build | Palisade Wall |
| 4:33 | Build | Palisade Wall |
| 4:37 | Build | Palisade Wall |
| 4:41 | Build | Palisade Wall |
| 4:48 | Build | Palisade Wall |
| 4:56 | Queue | Villager (Male) |
| 4:56 | Queue | Villager (Male) |
| 5:02 | Build | House |
| 5:03 | Build | House |
| 5:42 | Queue | Villager (Male) |
| 5:43 | Build | House |
| 6:05 | Queue | Villager (Male) |
| 6:17 | Queue | Villager (Male) |
| 6:55 | Queue | Villager (Male) |
| 7:16 | Queue | Villager (Male) |
| 7:44 | Queue | Villager (Male) |
| 8:23 | Queue | Villager (Male) |
| 8:36 | Build | Mining Camp |
| 8:52 | Research | Feudal Age |
| 9:35 | Build | Farm |
| 9:37 | Build | Farm |
| 9:40 | Build | Farm |
| 9:42 | Build | Farm |
| 9:46 | Queue | Villager (Male) |
| 9:46 | Queue | Villager (Male) |
| 10:33 | Build | Farm |
| 10:35 | Build | Farm |
| 11:07 | Age | Feudal Age |
| 11:09 | Build | Blacksmith |
| 11:11 | Build | Market |
| 11:15 | Build | Market |
| 12:11 | Research | Castle Age |
| 12:19 | Build | Farm |
| 12:30 | Build | Farm |
| 12:34 | Research | Horse Collar |
| 12:38 | Research | Double-Bit Axe |
| 13:06 | Build | House |
| 13:08 | Research | Horse Collar |
| 13:31 | Research | Gold Mining |
| 13:55 | Queue | Villager (Male) |
| 13:56 | Queue | Villager (Male) |
| 14:51 | Age | Castle Age |
| 14:53 | Build | Town Center |
| 14:55 | Build | Town Center |
| 14:59 | Research | Bow Saw |
| 15:25 | Queue | Villager (Male) |
| 15:33 | Build | Farm |
| 16:03 | Queue | Villager (Male) |
| 16:10 | Build | Farm |
| 16:12 | Build | Farm |
| 16:14 | Build | Farm |
| 16:16 | Build | Farm |
| 16:17 | Queue | Villager (Male) |
| 16:18 | Queue | Villager (Male) |
| 16:21 | Build | Farm |
| 16:33 | Queue | Villager (Male) |
| 16:35 | Build | Farm |
| 16:44 | Build | Farm |
| 16:45 | Queue | Villager (Male) |
| 16:53 | Build | Farm |
| 16:56 | Queue | Villager (Male) |
| 17:02 | Build | Farm |
| 17:09 | Queue | Villager (Male) |
| 17:11 | Build | Farm |
| 17:18 | Queue | Villager (Male) |
| 17:25 | Queue | Villager (Male) |
| 17:27 | Build | Farm |
| 17:35 | Build | House |
| 17:36 | Build | House |
| 17:38 | Queue | Villager (Male) |
| 17:44 | Build | Farm |
| 17:46 | Queue | Villager (Male) |
| 17:52 | Build | Farm |
| 17:54 | Queue | Villager (Male) |
| 18:00 | Queue | Villager (Male) |
| 18:03 | Build | Farm |
| 18:05 | Queue | Villager (Male) |
| 18:10 | Build | Farm |
| 18:20 | Queue | Villager (Male) |
| 18:21 | Queue | Villager (Male) |
| 18:24 | Build | Farm |
| 18:25 | Queue | Villager (Male) |
| 18:35 | Queue | Villager (Male) |
| 18:37 | Build | House |
| 18:41 | Build | House |
| 18:41 | Build | House |
| 18:43 | Queue | Villager (Male) |
| 18:46 | Build | Farm |
| 18:50 | Queue | Villager (Male) |
| 18:56 | Build | Farm |
| 18:59 | Build | Mill |
| 19:01 | Queue | Villager (Male) |
| 19:12 | Build | Farm |
| 19:12 | Queue | Villager (Male) |
| 19:16 | Queue | Villager (Male) |
| 19:17 | Queue | Villager (Male) |
| 19:21 | Build | House |
| 19:26 | Build | Farm |
| 19:27 | Queue | Villager (Male) |
| 19:34 | Build | Farm |
| 19:36 | Queue | Villager (Male) |
| 19:46 | Queue | Villager (Male) |
| 19:48 | Build | Farm |
| 19:53 | Build | Farm |
| 19:55 | Queue | Villager (Male) |
| 20:10 | Queue | Villager (Male) |
| 20:12 | Build | Town Center |
| 20:14 | Queue | Villager (Male) |
| 20:24 | Research | Heavy Plow |
| 20:24 | Research | Heavy Plow |
| 20:27 | Queue | Villager (Male) |
| 20:32 | Build | Farm |
| 20:35 | Build | Farm |
| 20:35 | Queue | Villager (Male) |
| 20:46 | Build | Farm |
| 20:47 | Queue | Villager (Male) |
| 20:52 | Queue | Villager (Male) |
| 20:53 | Queue | Villager (Male) |
| 20:56 | Research | Wheelbarrow |
Build order — DK_Akutuhaburu
First 150 of 416 actions detected
| 0:01 | Queue | Villager (Male) |
| 0:01 | Queue | Villager (Male) |
| 0:01 | Queue | Villager (Male) |
| 0:09 | Queue | Villager (Male) |
| 1:18 | Queue | Villager (Male) |
| 1:46 | Build | Lumber Camp |
| 1:48 | Queue | Villager (Male) |
| 2:05 | Queue | Villager (Male) |
| 2:37 | Queue | Villager (Male) |
| 2:38 | Queue | Villager (Male) |
| 2:46 | Queue | Villager (Male) |
| 2:47 | Queue | Villager (Male) |
| 3:17 | Queue | Villager (Male) |
| 4:17 | Queue | Villager (Male) |
| 4:17 | Queue | Villager (Male) |
| 4:17 | Queue | Villager (Male) |
| 4:18 | Queue | Villager (Male) |
| 4:32 | Queue | Villager (Male) |
| 4:56 | Build | Palisade Gate |
| 5:04 | Build | Palisade Gate |
| 5:10 | Build | Palisade Wall |
| 5:21 | Queue | Villager (Male) |
| 5:21 | Queue | Villager (Male) |
| 5:27 | Build | Palisade Wall |
| 5:31 | Build | Palisade Wall |
| 5:32 | Build | Palisade Wall |
| 5:34 | Queue | Villager (Male) |
| 5:35 | Queue | Villager (Male) |
| 5:35 | Build | Palisade Wall |
| 5:38 | Build | Palisade Wall |
| 5:46 | Build | Mill |
| 6:15 | Queue | Villager (Male) |
| 6:15 | Queue | Villager (Male) |
| 6:15 | Queue | Villager (Male) |
| 6:49 | Queue | Villager (Male) |
| 6:49 | Queue | Villager (Male) |
| 7:14 | Queue | Villager (Male) |
| 8:13 | Build | Farm |
| 8:17 | Build | Farm |
| 8:20 | Build | Farm |
| 8:50 | Queue | Villager (Male) |
| 8:50 | Research | Feudal Age |
| 9:05 | Build | Farm |
| 9:09 | Build | Barracks |
| 9:13 | Build | Mining Camp |
| 10:02 | Build | Farm |
| 11:16 | Queue | Villager (Male) |
| 11:27 | Age | Feudal Age |
| 11:28 | Queue | Villager (Male) |
| 11:30 | Build | Market |
| 11:31 | Build | Archery Range |
| 12:26 | Research | Castle Age |
| 12:58 | Research | Double-Bit Axe |
| 13:38 | Research | Horse Collar |
| 14:55 | Queue | Villager (Male) |
| 14:55 | Queue | Villager (Male) |
| 15:06 | Age | Castle Age |
| 15:10 | Queue | Cavalry Archer |
| 15:13 | Research | Loom |
| 15:16 | Research | Loom |
| 15:18 | Build | Blacksmith |
| 15:35 | Queue | Villager (Male) |
| 15:44 | Queue | Villager (Male) |
| 15:46 | Queue | Cavalry Archer |
| 15:48 | Research | Fletching |
| 16:00 | Queue | Villager (Male) |
| 16:05 | Queue | Cavalry Archer |
| 16:09 | Build | Farm |
| 16:10 | Build | Farm |
| 16:10 | Build | Farm |
| 16:28 | Queue | Villager (Male) |
| 16:29 | Queue | Villager (Male) |
| 16:32 | Queue | Villager (Male) |
| 16:38 | Queue | Villager (Male) |
| 16:47 | Build | Palisade Wall |
| 16:47 | Queue | Villager (Male) |
| 16:47 | Queue | Villager (Male) |
| 16:50 | Build | Palisade Wall |
| 16:52 | Queue | Cavalry Archer |
| 16:53 | Queue | Cavalry Archer |
| 17:07 | Queue | Cavalry Archer |
| 17:07 | Queue | Cavalry Archer |
| 17:07 | Queue | Cavalry Archer |
| 17:11 | Build | Outpost |
| 17:26 | Build | Farm |
| 17:27 | Build | Farm |
| 17:27 | Build | Farm |
| 17:27 | Build | Farm |
| 17:27 | Queue | Villager (Male) |
| 17:55 | Queue | Villager (Male) |
| 17:57 | Build | Mill |
| 18:11 | Queue | Villager (Male) |
| 18:19 | Queue | Cavalry Archer |
| 18:40 | Queue | Cavalry Archer |
| 18:59 | Research | Bodkin Arrow |
| 19:00 | Queue | Villager (Male) |
| 19:24 | Build | Mining Camp |
| 19:32 | Queue | Cavalry Archer |
| 19:42 | Queue | Villager (Male) |
| 19:55 | Queue | Villager (Male) |
| 20:01 | Build | Stone Wall |
| 20:04 | Queue | Cavalry Archer |
| 20:05 | Queue | Villager (Male) |
| 20:15 | Build | Farm |
| 20:25 | Queue | Villager (Male) |
| 20:27 | Queue | Cavalry Archer |
| 20:28 | Queue | Villager (Male) |
| 20:33 | Build | Outpost |
| 20:46 | Build | Town Center |
| 20:53 | Queue | Villager (Male) |
| 20:57 | Build | Farm |
| 20:58 | Build | Farm |
| 21:00 | Build | Farm |
| 21:00 | Queue | Villager (Male) |
| 21:01 | Queue | Cavalry Archer |
| 21:08 | Queue | Villager (Male) |
| 21:12 | Build | Outpost |
| 21:14 | Build | Outpost |
| 21:19 | Research | Stone Mining |
| 21:34 | Queue | Villager (Male) |
| 21:47 | Research | Bow Saw |
| 22:03 | Queue | Villager (Male) |
| 22:08 | Queue | Villager (Male) |
| 22:16 | Build | Lumber Camp |
| 22:31 | Queue | Cavalry Archer |
| 22:33 | Queue | Villager (Male) |
| 22:41 | Research | Wheelbarrow |
| 23:04 | Queue | Cavalry Archer |
| 23:07 | Research | Town Watch |
| 23:10 | Build | Archery Range |
| 23:16 | Queue | Villager (Male) |
| 23:35 | Queue | Villager (Male) |
| 23:46 | Queue | Villager (Male) |
| 23:50 | Build | Farm |
| 23:50 | Queue | Villager (Male) |
| 24:06 | Queue | Cavalry Archer |
| 24:12 | Build | Stable |
| 24:20 | Build | Castle |
| 24:26 | Queue | Cavalry Archer |
| 24:44 | Build | Stone Wall |
| 24:51 | Build | Stone Wall |
| 24:55 | Queue | Villager (Male) |
| 25:16 | Queue | Villager (Male) |
| 25:16 | Queue | Villager (Male) |
| 25:22 | Queue | Villager (Male) |
| 25:23 | Queue | Villager (Male) |
| 25:26 | Queue | Cavalry Archer |
| 25:26 | Queue | Cavalry Archer |
| 25:26 | Queue | Cavalry Archer |
| 25:31 | Research | Bloodlines |
Build order — ImPerez22
First 150 of 392 actions detected
| 0:02 | Research | Loom |
| 0:02 | Research | Loom |
| 0:03 | Build | House |
| 0:04 | Build | House |
| 0:22 | Queue | Villager (Male) |
| 0:22 | Queue | Villager (Male) |
| 0:22 | Queue | Villager (Male) |
| 0:23 | Queue | Villager (Male) |
| 1:34 | Queue | Villager (Male) |
| 1:34 | Queue | Villager (Male) |
| 1:34 | Queue | Villager (Male) |
| 1:46 | Build | Lumber Camp |
| 2:02 | Queue | Villager (Male) |
| 2:02 | Queue | Villager (Male) |
| 2:25 | Queue | Villager (Male) |
| 2:25 | Queue | Villager (Male) |
| 2:42 | Queue | Villager (Male) |
| 3:17 | Queue | Villager (Male) |
| 3:25 | Build | House |
| 3:39 | Queue | Villager (Male) |
| 3:54 | Build | House |
| 4:11 | Queue | Villager (Male) |
| 4:19 | Build | Mill |
| 4:35 | Queue | Villager (Male) |
| 4:56 | Queue | Villager (Male) |
| 4:57 | Queue | Villager (Male) |
| 5:37 | Queue | Villager (Male) |
| 6:12 | Queue | Villager (Male) |
| 6:40 | Queue | Villager (Male) |
| 7:15 | Research | Feudal Age |
| 7:28 | Build | Mill |
| 8:07 | Build | House |
| 8:13 | Queue | Villager (Male) |
| 8:21 | Build | Mining Camp |
| 9:25 | Age | Feudal Age |
| 9:28 | Build | Market |
| 9:39 | Research | Double-Bit Axe |
| 9:39 | Research | Double-Bit Axe |
| 9:40 | Research | Double-Bit Axe |
| 9:40 | Queue | Villager (Male) |
| 10:10 | Queue | Villager (Male) |
| 10:32 | Queue | Villager (Male) |
| 10:38 | Build | Lumber Camp |
| 10:50 | Queue | Villager (Male) |
| 11:14 | Research | Horse Collar |
| 11:15 | Research | Horse Collar |
| 11:27 | Queue | Villager (Male) |
| 11:37 | Build | House |
| 11:50 | Queue | Villager (Male) |
| 11:53 | Build | Farm |
| 11:59 | Build | Farm |
| 12:07 | Build | House |
| 12:08 | Queue | Villager (Male) |
| 12:20 | Build | Farm |
| 12:37 | Build | Farm |
| 12:39 | Queue | Villager (Male) |
| 12:48 | Build | Farm |
| 13:06 | Queue | Villager (Male) |
| 13:14 | Build | Farm |
| 13:28 | Queue | Villager (Male) |
| 13:53 | Build | Farm |
| 13:55 | Queue | Villager (Male) |
| 14:15 | Queue | Villager (Male) |
| 14:32 | Build | Farm |
| 14:48 | Queue | Villager (Male) |
| 14:53 | Build | House |
| 15:11 | Build | Farm |
| 15:11 | Build | Farm |
| 15:12 | Build | Farm |
| 15:14 | Queue | Villager (Male) |
| 15:32 | Build | House |
| 15:33 | Queue | Villager (Male) |
| 15:51 | Build | Farm |
| 16:05 | Build | Farm |
| 16:05 | Build | Farm |
| 16:05 | Build | Farm |
| 16:08 | Queue | Villager (Male) |
| 16:09 | Build | Farm |
| 16:25 | Queue | Villager (Male) |
| 16:45 | Build | Farm |
| 16:53 | Queue | Villager (Male) |
| 16:57 | Build | Farm |
| 17:14 | Queue | Villager (Male) |
| 17:19 | Build | Mining Camp |
| 17:52 | Queue | Villager (Male) |
| 18:11 | Queue | Villager (Male) |
| 18:32 | Build | Farm |
| 18:33 | Build | Farm |
| 18:38 | Build | Farm |
| 18:39 | Build | Farm |
| 18:40 | Queue | Villager (Male) |
| 18:48 | Build | Farm |
| 19:02 | Queue | Villager (Male) |
| 19:18 | Build | Farm |
| 19:24 | Queue | Villager (Male) |
| 19:30 | Build | Mining Camp |
| 19:36 | Research | Gold Mining |
| 19:57 | Queue | Villager (Male) |
| 20:11 | Queue | Villager (Male) |
| 20:31 | Build | House |
| 20:40 | Queue | Villager (Male) |
| 20:40 | Queue | Villager (Male) |
| 20:53 | Build | House |
| 20:54 | Build | House |
| 20:57 | Queue | Villager (Male) |
| 21:29 | Queue | Villager (Male) |
| 21:32 | Build | House |
| 21:38 | Queue | Villager (Male) |
| 21:49 | Build | House |
| 22:17 | Queue | Villager (Male) |
| 22:37 | Research | Wheelbarrow |
| 22:37 | Research | Wheelbarrow |
| 22:43 | Build | House |
| 22:43 | Build | House |
| 23:56 | Queue | Villager (Male) |
| 24:05 | Build | Lumber Camp |
| 24:12 | Queue | Villager (Male) |
| 24:43 | Build | Farm |
| 24:56 | Queue | Villager (Male) |
| 25:08 | Queue | Villager (Male) |
| 25:34 | Queue | Villager (Male) |
| 25:37 | Build | Farm |
| 26:02 | Queue | Villager (Male) |
| 26:04 | Build | Blacksmith |
| 26:32 | Queue | Villager (Male) |
| 26:33 | Build | Farm |
| 26:34 | Build | Farm |
| 26:38 | Queue | Villager (Male) |
| 26:59 | Build | Farm |
| 27:02 | Build | House |
| 27:27 | Queue | Villager (Male) |
| 27:33 | Build | Farm |
| 27:35 | Build | Farm |
| 27:58 | Research | Castle Age |
| 27:58 | Research | Castle Age |
| 29:07 | Queue | Villager (Male) |
| 29:17 | Research | Stone Mining |
| 29:36 | Build | Barracks |
| 30:38 | Age | Castle Age |
| 30:42 | Research | Coinage |
| 30:47 | Build | Town Center |
| 30:53 | Build | Archery Range |
| 30:55 | Queue | Villager (Male) |
| 31:10 | Queue | Villager (Male) |
| 31:20 | Research | Eagle Warrior (upgrade) |
| 31:22 | Build | Barracks |
| 31:26 | Research | Scale Mail Armor |
| 31:27 | Research | Scale Mail Armor |
| 31:39 | Queue | Villager (Male) |
| 31:47 | Queue | Villager (Male) |
Build order — TdB.victor2.01
First 150 of 411 actions detected
| 0:00 | Queue | Villager (Male) |
| 0:01 | Queue | Villager (Male) |
| 0:01 | Queue | Villager (Male) |
| 0:02 | Queue | Villager (Male) |
| 0:03 | Build | House |
| 0:04 | Build | House |
| 1:25 | Queue | Villager (Male) |
| 2:00 | Queue | Villager (Male) |
| 2:05 | Build | Lumber Camp |
| 2:17 | Queue | Villager (Male) |
| 2:56 | Queue | Villager (Male) |
| 3:19 | Queue | Villager (Male) |
| 3:26 | Build | House |
| 3:27 | Build | House |
| 3:46 | Queue | Villager (Male) |
| 4:05 | Queue | Villager (Male) |
| 4:34 | Queue | Villager (Male) |
| 4:34 | Queue | Villager (Male) |
| 4:47 | Queue | Villager (Male) |
| 4:47 | Queue | Villager (Male) |
| 5:15 | Queue | Villager (Male) |
| 5:29 | Queue | Villager (Male) |
| 5:55 | Queue | Villager (Male) |
| 6:42 | Build | Mill |
| 6:45 | Queue | Villager (Male) |
| 6:45 | Queue | Villager (Male) |
| 6:46 | Queue | Villager (Male) |
| 6:46 | Queue | Villager (Male) |
| 6:46 | Queue | Villager (Male) |
| 6:46 | Queue | Villager (Male) |
| 6:47 | Queue | Villager (Male) |
| 7:16 | Queue | Villager (Male) |
| 8:25 | Research | Feudal Age |
| 10:25 | Build | Farm |
| 10:25 | Build | Farm |
| 10:25 | Build | Farm |
| 10:26 | Build | Farm |
| 10:26 | Build | Farm |
| 10:26 | Build | Farm |
| 10:29 | Build | Farm |
| 10:35 | Age | Feudal Age |
| 10:38 | Build | Blacksmith |
| 10:48 | Build | Market |
| 10:53 | Queue | Villager (Male) |
| 10:53 | Queue | Villager (Male) |
| 11:49 | Research | Castle Age |
| 11:50 | Research | Castle Age |
| 12:05 | Research | Horse Collar |
| 12:27 | Build | Farm |
| 12:29 | Build | Farm |
| 12:35 | Research | Double-Bit Axe |
| 12:35 | Research | Double-Bit Axe |
| 14:22 | Build | House |
| 14:29 | Age | Castle Age |
| 14:45 | Queue | Villager (Male) |
| 14:50 | Build | Town Center |
| 14:57 | Build | House |
| 15:56 | Queue | Villager (Male) |
| 16:03 | Build | Town Center |
| 16:04 | Queue | Villager (Male) |
| 16:05 | Queue | Villager (Male) |
| 16:05 | Queue | Villager (Male) |
| 16:06 | Queue | Villager (Male) |
| 16:12 | Research | Bow Saw |
| 16:14 | Research | Heavy Plow |
| 16:15 | Research | Heavy Plow |
| 16:24 | Build | Farm |
| 16:25 | Build | Farm |
| 16:26 | Build | Farm |
| 16:35 | Build | House |
| 16:39 | Build | House |
| 16:44 | Queue | Villager (Male) |
| 16:57 | Queue | Villager (Male) |
| 17:01 | Build | Farm |
| 17:02 | Build | Farm |
| 17:03 | Queue | Villager (Male) |
| 17:07 | Build | Farm |
| 17:07 | Build | Farm |
| 17:07 | Build | Farm |
| 17:08 | Build | Farm |
| 17:08 | Build | Farm |
| 17:22 | Queue | Villager (Male) |
| 17:25 | Build | Farm |
| 17:25 | Build | Farm |
| 17:25 | Build | Farm |
| 17:26 | Build | Farm |
| 17:26 | Build | Farm |
| 17:27 | Queue | Villager (Male) |
| 17:35 | Build | Farm |
| 17:35 | Build | Farm |
| 17:36 | Queue | Villager (Male) |
| 17:37 | Queue | Villager (Male) |
| 17:37 | Queue | Villager (Male) |
| 17:38 | Queue | Villager (Male) |
| 17:48 | Queue | Villager (Male) |
| 17:54 | Build | Farm |
| 17:55 | Build | Farm |
| 17:56 | Build | Farm |
| 17:57 | Build | Farm |
| 18:04 | Queue | Villager (Male) |
| 18:08 | Queue | Villager (Male) |
| 18:08 | Queue | Villager (Male) |
| 18:09 | Queue | Villager (Male) |
| 18:12 | Build | Farm |
| 18:12 | Build | Farm |
| 18:13 | Build | Farm |
| 18:13 | Build | Farm |
| 18:13 | Build | Farm |
| 18:14 | Build | Farm |
| 18:19 | Queue | Villager (Male) |
| 18:23 | Build | Farm |
| 18:24 | Build | Farm |
| 18:26 | Queue | Villager (Male) |
| 18:27 | Queue | Villager (Male) |
| 18:34 | Build | House |
| 18:35 | Build | House |
| 18:40 | Queue | Villager (Male) |
| 18:47 | Build | Farm |
| 18:48 | Build | Farm |
| 18:49 | Build | Farm |
| 18:49 | Queue | Villager (Male) |
| 18:58 | Queue | Villager (Male) |
| 19:03 | Build | Farm |
| 19:04 | Build | Farm |
| 19:06 | Queue | Villager (Male) |
| 19:15 | Build | Farm |
| 19:16 | Build | Farm |
| 19:17 | Queue | Villager (Male) |
| 19:17 | Queue | Villager (Male) |
| 19:24 | Build | Farm |
| 19:27 | Queue | Villager (Male) |
| 19:32 | Queue | Villager (Male) |
| 19:36 | Build | House |
| 19:36 | Build | House |
| 19:49 | Build | Farm |
| 19:51 | Build | Farm |
| 19:52 | Build | Farm |
| 19:55 | Queue | Villager (Male) |
| 20:07 | Build | Farm |
| 20:09 | Queue | Villager (Male) |
| 20:10 | Queue | Villager (Male) |
| 20:10 | Queue | Villager (Male) |
| 20:11 | Queue | Villager (Male) |
| 20:11 | Queue | Villager (Male) |
| 20:17 | Build | House |
| 20:19 | Build | House |
| 20:19 | Build | House |
| 20:33 | Build | Town Center |
| 20:34 | Queue | Villager (Male) |
| 20:42 | Build | Farm |
Match timeline
| 3:37 | Putmalk · wall_segment Palisade Wall x1 |
| 3:38 | Putmalk · wall_segment Palisade Wall x1 |
| 3:50 | Putmalk · wall_segment Palisade Wall x1 |
| 3:54 | Putmalk · wall_segment Palisade Wall x1 |
| 4:10 | Putmalk · wall_segment Palisade Wall x1 |
| 4:11 | Putmalk · wall_segment Palisade Wall x1 |
| 4:14 | Putmalk · wall_segment Palisade Wall x1 |
| 4:17 | Putmalk · wall_segment Palisade Wall x1 |
| 4:27 | Putmalk · wall_segment Palisade Wall x1 |
| 4:30 | Putmalk · wall_segment Palisade Wall x1 |
| 4:33 | Putmalk · wall_segment Palisade Wall x1 |
| 4:37 | Putmalk · wall_segment Palisade Wall x1 |
| 4:41 | Putmalk · wall_segment Palisade Wall x1 |
| 4:48 | Putmalk · wall_segment Palisade Wall x1 |
| 5:10 | DK_Akutuhaburu · wall_segment Palisade Wall x1 |
| 5:27 | DK_Akutuhaburu · wall_segment Palisade Wall x1 |
| 5:31 | DK_Akutuhaburu · wall_segment Palisade Wall x1 |
| 5:32 | DK_Akutuhaburu · wall_segment Palisade Wall x1 |
| 5:35 | DK_Akutuhaburu · wall_segment Palisade Wall x1 |
| 5:38 | DK_Akutuhaburu · wall_segment Palisade Wall x1 |
| 9:09 | DK_Akutuhaburu · first_building Barracks |
| 9:25 | ImPerez22 · age_up feudal |
| 10:06 | JhonnyGames · age_up feudal |
| 10:25 | ImPerez22 · tribute_sent a jugador 1 |
| 10:25 | ImPerez22 · tribute_sent a jugador 2 |
| 10:25 | ImPerez22 · tribute_sent a jugador 3 |
| 10:25 | ImPerez22 · tribute_sent a jugador 4 |
| 10:25 | ImPerez22 · tribute_sent a jugador 5 |
| 10:25 | ImPerez22 · tribute_sent a jugador 6 |
| 10:25 | ImPerez22 · tribute_sent a jugador 8 |
| 10:26 | Cattana · age_up feudal |
| 10:35 | TdB.victor2.01 · age_up feudal |
| 10:56 | ImPerez22 · tribute_sent a jugador 1 |
| 10:56 | ImPerez22 · tribute_sent a jugador 2 |
| 10:56 | ImPerez22 · tribute_sent a jugador 3 |
| 10:56 | ImPerez22 · tribute_sent a jugador 4 |
| 10:56 | ImPerez22 · tribute_sent a jugador 5 |
| 10:56 | ImPerez22 · tribute_sent a jugador 6 |
| 10:56 | ImPerez22 · tribute_sent a jugador 8 |
| 11:00 | JhonnyGames · first_market_buy 100 food |
| 11:07 | Putmalk · age_up feudal |
| 11:21 | TdB.Julitroll · age_up feudal |
| 11:27 | DK_Akutuhaburu · age_up feudal |
| 11:31 | DK_Akutuhaburu · first_building Archery Range |
| 11:46 | ImPerez22 · tribute_sent a jugador 1 |
| 11:46 | ImPerez22 · tribute_sent a jugador 2 |
| 11:46 | ImPerez22 · tribute_sent a jugador 3 |
| 11:46 | ImPerez22 · tribute_sent a jugador 4 |
| 11:46 | ImPerez22 · tribute_sent a jugador 5 |
| 11:46 | ImPerez22 · tribute_sent a jugador 6 |
| 11:46 | ImPerez22 · tribute_sent a jugador 8 |
| 11:55 | Night Prowler · age_up feudal |
| 12:13 | ImPerez22 · tribute_sent a jugador 1 |
| 12:13 | ImPerez22 · tribute_sent a jugador 2 |
| 12:13 | ImPerez22 · tribute_sent a jugador 3 |
| 12:13 | ImPerez22 · tribute_sent a jugador 4 |
| 12:13 | ImPerez22 · tribute_sent a jugador 5 |
| 12:13 | ImPerez22 · tribute_sent a jugador 6 |
| 12:13 | ImPerez22 · tribute_sent a jugador 8 |
| 12:57 | Night Prowler · first_market_sell 100 wood |
| 12:58 | ImPerez22 · tribute_sent a jugador 1 |
| 12:58 | ImPerez22 · tribute_sent a jugador 2 |
| 12:58 | ImPerez22 · tribute_sent a jugador 3 |
| 12:58 | ImPerez22 · tribute_sent a jugador 4 |
| 12:58 | ImPerez22 · tribute_sent a jugador 5 |
| 12:58 | ImPerez22 · tribute_sent a jugador 6 |
| 12:58 | ImPerez22 · tribute_sent a jugador 8 |
| 12:59 | Night Prowler · first_market_buy 100 food |
| 13:04 | ImPerez22 · tribute_sent a jugador 1 |
| 13:04 | ImPerez22 · tribute_sent a jugador 2 |
| 13:04 | ImPerez22 · tribute_sent a jugador 3 |
| 13:04 | ImPerez22 · tribute_sent a jugador 4 |
| 13:04 | ImPerez22 · tribute_sent a jugador 5 |
| 13:04 | ImPerez22 · tribute_sent a jugador 6 |
| 13:04 | ImPerez22 · tribute_sent a jugador 8 |
| 13:45 | Cattana · age_up castle |
| 13:47 | JhonnyGames · age_up castle |
| 14:11 | ImPerez22 · tribute_sent a jugador 1 |
| 14:11 | ImPerez22 · tribute_sent a jugador 2 |
| 14:11 | ImPerez22 · tribute_sent a jugador 3 |
| 14:11 | ImPerez22 · tribute_sent a jugador 4 |
| 14:11 | ImPerez22 · tribute_sent a jugador 5 |
| 14:11 | ImPerez22 · tribute_sent a jugador 6 |
| 14:11 | ImPerez22 · tribute_sent a jugador 8 |
| 14:29 | TdB.victor2.01 · age_up castle |
| 14:51 | Putmalk · age_up castle |
| 15:03 | JhonnyGames · first_building Castle |
| 15:04 | ImPerez22 · tribute_sent a jugador 1 |
| 15:04 | ImPerez22 · tribute_sent a jugador 2 |
| 15:04 | ImPerez22 · tribute_sent a jugador 3 |
| 15:04 | ImPerez22 · tribute_sent a jugador 4 |
| 15:04 | ImPerez22 · tribute_sent a jugador 5 |
| 15:04 | ImPerez22 · tribute_sent a jugador 6 |
| 15:04 | ImPerez22 · tribute_sent a jugador 8 |
| 15:04 | TdB.Julitroll · age_up castle |
| 15:06 | DK_Akutuhaburu · age_up castle |
| 15:50 | Night Prowler · age_up castle |
| 16:30 | ImPerez22 · tribute_sent a jugador 1 |
| 16:30 | ImPerez22 · tribute_sent a jugador 2 |
| 16:30 | ImPerez22 · tribute_sent a jugador 3 |
| 16:30 | ImPerez22 · tribute_sent a jugador 4 |
| 16:30 | ImPerez22 · tribute_sent a jugador 5 |
| 16:30 | ImPerez22 · tribute_sent a jugador 6 |
| 16:30 | ImPerez22 · tribute_sent a jugador 8 |
| 16:47 | DK_Akutuhaburu · wall_segment Palisade Wall x2 |
| 16:50 | DK_Akutuhaburu · wall_segment Palisade Wall x1 |
| 17:12 | ImPerez22 · tribute_sent a jugador 1 |
| 17:12 | ImPerez22 · tribute_sent a jugador 2 |
| 17:12 | ImPerez22 · tribute_sent a jugador 3 |
| 17:12 | ImPerez22 · tribute_sent a jugador 4 |
| 17:12 | ImPerez22 · tribute_sent a jugador 5 |
| 17:12 | ImPerez22 · tribute_sent a jugador 6 |
| 17:12 | ImPerez22 · tribute_sent a jugador 8 |
| 17:31 | Putmalk · first_market_buy 100 stone |
| 17:48 | ImPerez22 · first_market_buy 100 stone |
| 17:52 | ImPerez22 · tribute_sent a jugador 1 |
| 17:52 | ImPerez22 · tribute_sent a jugador 2 |
| 17:52 | ImPerez22 · tribute_sent a jugador 3 |
| 17:52 | ImPerez22 · tribute_sent a jugador 4 |
| 17:52 | ImPerez22 · tribute_sent a jugador 5 |
| 17:52 | ImPerez22 · tribute_sent a jugador 6 |
| 17:52 | ImPerez22 · tribute_sent a jugador 8 |
| 18:16 | ImPerez22 · tribute_sent a jugador 1 |
| 18:16 | ImPerez22 · tribute_sent a jugador 2 |
| 18:16 | ImPerez22 · tribute_sent a jugador 3 |
| 18:16 | ImPerez22 · tribute_sent a jugador 4 |
| 18:16 | ImPerez22 · tribute_sent a jugador 5 |
| 18:16 | ImPerez22 · tribute_sent a jugador 6 |
| 18:16 | ImPerez22 · tribute_sent a jugador 8 |
| 19:14 | ImPerez22 · tribute_sent a jugador 1 |
| 19:14 | ImPerez22 · tribute_sent a jugador 2 |
| 19:14 | ImPerez22 · tribute_sent a jugador 3 |
| 19:14 | ImPerez22 · tribute_sent a jugador 4 |
| 19:14 | ImPerez22 · tribute_sent a jugador 5 |
| 19:14 | ImPerez22 · tribute_sent a jugador 6 |
| 19:14 | ImPerez22 · tribute_sent a jugador 8 |
| 19:47 | ImPerez22 · tribute_sent a jugador 1 |
| 19:47 | ImPerez22 · tribute_sent a jugador 2 |
| 19:47 | ImPerez22 · tribute_sent a jugador 3 |
| 19:47 | ImPerez22 · tribute_sent a jugador 4 |
| 19:47 | ImPerez22 · tribute_sent a jugador 5 |
| 19:47 | ImPerez22 · tribute_sent a jugador 6 |
| 19:47 | ImPerez22 · tribute_sent a jugador 8 |
| 20:01 | DK_Akutuhaburu · wall_segment Stone Wall x3 |
| 20:15 | JhonnyGames · first_building Siege Workshop |
| 20:20 | ImPerez22 · tribute_sent a jugador 1 |
| 20:20 | ImPerez22 · tribute_sent a jugador 2 |
| 20:20 | ImPerez22 · tribute_sent a jugador 3 |
| 20:20 | ImPerez22 · tribute_sent a jugador 4 |
| 20:20 | ImPerez22 · tribute_sent a jugador 5 |
| 20:20 | ImPerez22 · tribute_sent a jugador 6 |
| 20:20 | ImPerez22 · tribute_sent a jugador 8 |
| 20:36 | ImPerez22 · tribute_sent a jugador 1 |
| 20:36 | ImPerez22 · tribute_sent a jugador 2 |
| 20:36 | ImPerez22 · tribute_sent a jugador 3 |
| 20:36 | ImPerez22 · tribute_sent a jugador 4 |
| 20:36 | ImPerez22 · tribute_sent a jugador 5 |
| 20:36 | ImPerez22 · tribute_sent a jugador 6 |
| 20:36 | ImPerez22 · tribute_sent a jugador 8 |
| 21:18 | ImPerez22 · tribute_sent a jugador 1 |
| 21:18 | ImPerez22 · tribute_sent a jugador 2 |
| 21:18 | ImPerez22 · tribute_sent a jugador 3 |
| 21:18 | ImPerez22 · tribute_sent a jugador 4 |
| 21:18 | ImPerez22 · tribute_sent a jugador 5 |
| 21:18 | ImPerez22 · tribute_sent a jugador 6 |
| 21:18 | ImPerez22 · tribute_sent a jugador 8 |
| 22:01 | ImPerez22 · tribute_sent a jugador 1 |
| 22:01 | ImPerez22 · tribute_sent a jugador 2 |
| 22:01 | ImPerez22 · tribute_sent a jugador 3 |
| 22:01 | ImPerez22 · tribute_sent a jugador 4 |
| 22:01 | ImPerez22 · tribute_sent a jugador 5 |
| 22:01 | ImPerez22 · tribute_sent a jugador 6 |
| 22:01 | ImPerez22 · tribute_sent a jugador 8 |
| 22:06 | DK_Akutuhaburu · first_market_buy 100 food |
| 22:54 | ImPerez22 · tribute_sent a jugador 1 |
| 22:54 | ImPerez22 · tribute_sent a jugador 2 |
| 22:54 | ImPerez22 · tribute_sent a jugador 3 |
| 22:54 | ImPerez22 · tribute_sent a jugador 4 |
| 22:54 | ImPerez22 · tribute_sent a jugador 5 |
| 22:54 | ImPerez22 · tribute_sent a jugador 6 |
| 22:54 | ImPerez22 · tribute_sent a jugador 8 |
| 22:57 | JhonnyGames · age_up imperial |
| 23:00 | Putmalk · first_building Monastery |
| 23:02 | TdB.Julitroll · first_building Monastery |
| 23:20 | ImPerez22 · tribute_sent a jugador 1 |
| 23:20 | ImPerez22 · tribute_sent a jugador 2 |
| 23:20 | ImPerez22 · tribute_sent a jugador 3 |
| 23:20 | ImPerez22 · tribute_sent a jugador 4 |
| 23:20 | ImPerez22 · tribute_sent a jugador 5 |
| 23:20 | ImPerez22 · tribute_sent a jugador 6 |
| 23:20 | ImPerez22 · tribute_sent a jugador 8 |
| 23:48 | ImPerez22 · tribute_sent a jugador 1 |
| 23:48 | ImPerez22 · tribute_sent a jugador 2 |
| 23:48 | ImPerez22 · tribute_sent a jugador 3 |
| 23:48 | ImPerez22 · tribute_sent a jugador 4 |
| 23:48 | ImPerez22 · tribute_sent a jugador 5 |
| 23:48 | ImPerez22 · tribute_sent a jugador 6 |
| 23:48 | ImPerez22 · tribute_sent a jugador 8 |
| 23:55 | ImPerez22 · tribute_sent a jugador 1 |
| 23:55 | ImPerez22 · tribute_sent a jugador 2 |
| 23:55 | ImPerez22 · tribute_sent a jugador 3 |
| 23:55 | ImPerez22 · tribute_sent a jugador 4 |
| 23:55 | ImPerez22 · tribute_sent a jugador 5 |
| 23:55 | ImPerez22 · tribute_sent a jugador 6 |
| 23:55 | ImPerez22 · tribute_sent a jugador 8 |
| 23:59 | Night Prowler · first_building Barracks |
| 24:12 | DK_Akutuhaburu · first_building Stable |
| 24:20 | DK_Akutuhaburu · first_building Castle |
| 24:38 | TdB.victor2.01 · first_building Monastery |
| 24:44 | DK_Akutuhaburu · wall_segment Stone Wall x10 |
| 24:48 | ImPerez22 · tribute_sent a jugador 1 |
| 24:48 | ImPerez22 · tribute_sent a jugador 2 |
| 24:48 | ImPerez22 · tribute_sent a jugador 3 |
| 24:48 | ImPerez22 · tribute_sent a jugador 4 |
| 24:48 | ImPerez22 · tribute_sent a jugador 5 |
| 24:48 | ImPerez22 · tribute_sent a jugador 6 |
| 24:48 | ImPerez22 · tribute_sent a jugador 8 |
| 24:48 | DK_Akutuhaburu · first_market_sell 100 wood |
| 24:51 | DK_Akutuhaburu · wall_segment Stone Wall x6 |
| 24:59 | TdB.Julitroll · first_building Castle |
| 25:00 | Putmalk · first_market_sell 100 food |
| 25:13 | TdB.Julitroll · first_market_sell 100 food |
| 25:17 | Cattana · first_building Castle |
| 25:18 | ImPerez22 · tribute_sent a jugador 1 |
| 25:18 | ImPerez22 · tribute_sent a jugador 2 |
| 25:18 | ImPerez22 · tribute_sent a jugador 3 |
| 25:18 | ImPerez22 · tribute_sent a jugador 4 |
| 25:18 | ImPerez22 · tribute_sent a jugador 5 |
| 25:18 | ImPerez22 · tribute_sent a jugador 6 |
| 25:18 | ImPerez22 · tribute_sent a jugador 8 |
| 25:25 | TdB.victor2.01 · first_market_sell 100 food |
| 25:33 | Night Prowler · first_building Stable |
| 25:33 | Putmalk · first_building Barracks |
| 25:40 | TdB.victor2.01 · first_building Siege Workshop |
| 25:50 | Putmalk · first_building Siege Workshop |
| 26:10 | ImPerez22 · tribute_sent a jugador 1 |
| 26:10 | ImPerez22 · tribute_sent a jugador 2 |
| 26:10 | ImPerez22 · tribute_sent a jugador 3 |
| 26:10 | ImPerez22 · tribute_sent a jugador 4 |
| 26:10 | ImPerez22 · tribute_sent a jugador 5 |
| 26:10 | ImPerez22 · tribute_sent a jugador 6 |
| 26:10 | ImPerez22 · tribute_sent a jugador 8 |
| 26:31 | Cattana · first_building Siege Workshop |
| 26:32 | Putmalk · first_building Castle |
| 26:41 | ImPerez22 · tribute_sent a jugador 1 |
| 26:41 | ImPerez22 · tribute_sent a jugador 2 |
| 26:41 | ImPerez22 · tribute_sent a jugador 3 |
| 26:41 | ImPerez22 · tribute_sent a jugador 4 |
| 26:42 | ImPerez22 · tribute_sent a jugador 5 |
| 26:42 | ImPerez22 · tribute_sent a jugador 6 |
| 26:42 | ImPerez22 · tribute_sent a jugador 8 |
| 26:58 | Cattana · first_building Barracks |
| 27:06 | TdB.victor2.01 · first_building Castle |
| 27:10 | Cattana · age_up imperial |
| 27:10 | ImPerez22 · first_market_sell 100 stone |
| 27:33 | TdB.Julitroll · first_building Barracks |
| 27:57 | DK_Akutuhaburu · first_building Monastery |
| 28:03 | TdB.victor2.01 · first_building Barracks |
| 28:11 | ImPerez22 · tribute_sent a jugador 1 |
| 28:11 | ImPerez22 · tribute_sent a jugador 2 |
| 28:11 | ImPerez22 · tribute_sent a jugador 3 |
| 28:11 | ImPerez22 · tribute_sent a jugador 4 |
| 28:11 | ImPerez22 · tribute_sent a jugador 5 |
| 28:11 | ImPerez22 · tribute_sent a jugador 6 |
| 28:11 | ImPerez22 · tribute_sent a jugador 8 |
| 28:19 | Cattana · first_market_buy 100 stone |
| 28:28 | TdB.victor2.01 · first_market_buy 500 wood |
| 28:28 | Putmalk · age_up imperial |
| 28:28 | ImPerez22 · tribute_sent a jugador 1 |
| 28:28 | ImPerez22 · tribute_sent a jugador 2 |
| 28:28 | ImPerez22 · tribute_sent a jugador 3 |
| 28:28 | ImPerez22 · tribute_sent a jugador 4 |
| 28:28 | ImPerez22 · tribute_sent a jugador 5 |
| 28:28 | ImPerez22 · tribute_sent a jugador 6 |
| 28:28 | ImPerez22 · tribute_sent a jugador 8 |
| 28:40 | TdB.Julitroll · age_up imperial |
| 29:13 | Night Prowler · first_building Castle |
| 29:31 | TdB.victor2.01 · age_up imperial |
| 29:36 | ImPerez22 · first_building Barracks |
| 30:22 | ImPerez22 · tribute_sent a jugador 1 |
| 30:22 | ImPerez22 · tribute_sent a jugador 2 |
| 30:22 | ImPerez22 · tribute_sent a jugador 3 |
| 30:22 | ImPerez22 · tribute_sent a jugador 4 |
| 30:22 | ImPerez22 · tribute_sent a jugador 5 |
| 30:22 | ImPerez22 · tribute_sent a jugador 6 |
| 30:22 | ImPerez22 · tribute_sent a jugador 8 |
| 30:38 | ImPerez22 · age_up castle |
| 30:45 | Night Prowler · first_building Monastery |
| 30:53 | ImPerez22 · first_building Archery Range |
| 32:13 | JhonnyGames · first_building Barracks |
| 32:32 | TdB.Julitroll · first_building Archery Range |
| 32:43 | Night Prowler · first_building Archery Range |
| 32:52 | Putmalk · first_building Archery Range |
| 34:10 | Night Prowler · age_up imperial |
| 34:34 | TdB.Julitroll · first_market_buy 100 food |
| 34:59 | ImPerez22 · first_building Monastery |
| 37:50 | ImPerez22 · first_building Castle |
| 38:45 | JhonnyGames · first_building Stable |
| 38:58 | JhonnyGames · first_building Archery Range |
| 40:03 | ImPerez22 · age_up imperial |
| 42:10 | JhonnyGames · first_market_sell 100 food |
| 43:30 | DK_Akutuhaburu · age_up imperial |
| 44:33 | DK_Akutuhaburu · wall_segment Stone Wall x1 |
| 45:01 | Putmalk · resign |
[ AI ANALYSIS · 1 CREDIT ]
What really happened in this match?
Wolo.gg analyzes every decision: build order, eco, micro, common mistakes by bracket. Personalized analysis on WhatsApp or Discord in 30 seconds.
Civ guide
Khmer
Perfil
Jugador #10486784